 Dungeon Sprint DCSS version 0.27.1-33-g824d729ab1 (webtiles) character file.

Game seed: 4257400099008383987

107 Adenis the Covert (level 4, -1/35 HPs)
             Began as a Vampire Brigand on Dec 6, 2021.
             Slain by Sigmund (2 damage)
             ... in the Dungeon (Sprint I: "Red Sonja").
             The game lasted 00:00:25 (117 turns).

Adenis the Covert (Vampire Brigand)                  Turns: 117, Time: 00:00:25

Health: -1/35      AC:  3    Str: 10    XL:     4   Next: 57%
Magic:  4/4        EV: 12    Int: 13    God:
Gold:   0          SH:  0    Dex: 16    Spells: 3/3 levels left

rFire    . . .     SeeInvis +   a - +2 dagger
rCold    . . .     Faith    .   (no shield)
rNeg     . . .     Spirit   .   b - +0 robe
rPois    .         Reflect  .   (no helmet)
rElec    .         Harm     .   c - +0 cloak
rCorr    .         Rampage  .   (no gloves)
Will     .....     NoTele   +   (no boots)
Stlth    +++++.....             (no amulet)
HPRegen  0.31/turn              (no ring)
MPRegen  0.09/turn              (no ring)

@: lethally poisoned (-1 -> -5), on berserk cooldown, healing quickly, slowed,
very slow
A: alive, fangs 3, see invisible, vampiric 2
a: Exsanguinate


You were in the Dungeon.
You visited 1 branch

Inventory:

Hand Weapons
 a - a +2 dagger (weapon)
Missiles
 d - 8 poisoned darts (quivered)
 e - 2 curare-tipped darts
Armour
 b - a +0 robe (worn)
 c - a +0 cloak (worn)
Scrolls
 k - a scroll of blinking
Potions
 f - a potion of curing
 g - a potion of heal wounds
 h - a potion of haste
 i - 2 potions of magic


   Skills:
 + Level 3.5 Fighting
 + Level 4.4 Short Blades
 + Level 2.6 Throwing
 + Level 2.2 Dodging
 + Level 11.9 Stealth


You had 3 spell levels left.
You didn't know any spells.
Your spell library was empty.

Dungeon Overview and Level Annotations

Branches:
Dungeon (1/1)

Altars:

Annotations:
D Sigmund


Innate Abilities, Weirdness & Mutations

Your natural rate of healing is accelerated.
You have razor-sharp teeth.
You have supernaturally acute eyesight. (SInv)
You are afflicted with vampirism and can become a bat while bloodless.


Message History

You resist with some effort. Sigmund barely misses you.
There is an open door here.
Sigmund closely misses you.
You barely miss Sigmund.
Sigmund hits you with a +1 scythe of venom!
You hit Sigmund.
Sigmund is moderately wounded.
You closely miss Sigmund.
Sigmund is moderately wounded.
Sigmund gestures at you while chanting. The magic dart hits you!
You hit Sigmund.
Sigmund is moderately wounded.
Sigmund hits you with a +1 scythe of venom!
You are poisoned.
You hit Sigmund.
Sigmund is heavily wounded.
You feel very sick. Sigmund hits you but does no damage.
You are lethally poisoned!
You hit Sigmund. Your bite misses Sigmund.
Sigmund is heavily wounded.
* * * LOW HITPOINT WARNING * * *
You feel very sick. Sigmund barely misses you.
You hit Sigmund.
Sigmund is severely wounded.
* * * LOW HITPOINT WARNING * * *
You feel sick. Sigmund closely misses you.
You hit Sigmund.
Sigmund is severely wounded.
* * * LOW HITPOINT WARNING * * *
You feel sick.
You hit Sigmund.
Sigmund is severely wounded.
* * * LOW HITPOINT WARNING * * *
You feel sick.
Sigmund hits you with a +1 scythe of venom.
You die...

#############
#<.#..').#.@+
#..').#..'@.#
#..#####+####
#..# #..#
#..# #⌠⌠#
####


You could see Sigmund.

Vanquished Creatures
  An ogre (D)
  Ijyb (D)
2 creatures vanquished.

Notes
Turn   | Place    | Note
-------+----------+-------------------------------------------
     0 | D        | Adenis the Vampire Brigand began the quest for the Orb.
     0 | D        | Reached XP level 1. HP: 16/16 MP: 1/1
     2 | D        | Noticed Ijyb
    35 | D        | Killed Ijyb
    36 | D        | Reached skill level 9 in Stealth
    36 | D        | Reached XP level 2. HP: 11/23 MP: 2/2
    97 | D        | Noticed an ogre
   102 | D        | Killed an ogre
   103 | D        | Reached skill level 11 in Stealth
   103 | D        | Gained mutation: You are afflicted with vampirism and can
                  | become a bat while bloodless. [Vampire growth]
   103 | D        | Reached XP level 3. HP: 29/29 MP: 3/3
   103 | D        | Reached XP level 4. HP: 35/35 MP: 4/4
   106 | D        | Noticed Sigmund
   117 | D        | HP: 1/35 [poisoned by Sigmund]
   117 | D        | Slain by Sigmund

Illustrated notes

Levels and vault maps discovered:
D:        dungeon_sprint_1 [red_sonja_temple_1, red_sonja_temple_small_1]

Skill      XL: |  1  2 |
---------------+-------+-----
Fighting       | 2 3 |  3.5
Short Blades   | 3 4 |  4.4
Throwing       | 2 |  2.6
Stealth        | 9 11 | 11.9
Dodging        | 2 |  2.2

Action                   |  1- 3 |  4- 6 || total
-------------------------+-------+-------++-------
Melee: Dagger            |    35 |     9 ||    44
       Bite              |     2 |       ||     2
  Use: Potion            |     1 |       ||     1
Armor: Skin              |     9 |       ||     9
       Robe              |       |     1 ||     1
Dodge: Dodged            |     4 |     4 ||     8
